 Dungeon Crawl Stone Soup version 0.23.2-40-g277498a (webtiles) character file.

Game seed: 17958963159866081109

1194 Fang the Skirmisher (level 8, 0/52 HPs)
             Began as a Gargoyle Berserker on Oct 21, 2019.
             Was an Elder of Trog.
             Slain by Pikel
             ... wielding a +1 whip of freezing
              (5 damage)
             ... on level 5 of the Dungeon.
             The game lasted 00:04:37 (4841 turns).

Fang the Skirmisher (Gargoyle Berserker)            Turns: 4841, Time: 00:04:37

Health: 0/52       AC: 15    Str: 23    XL:     8   Next: 44%
Magic:  8/8        EV: 10    Int:  8    God:    Trog [****..]
Gold:   130        SH:  3    Dex: 15    Spells: 7/7 levels left

rFire    . . .     SeeInvis .   a - +0 battleaxe
rCold    . . .     Gourm    .   (shield currently unavailable)
rNeg     + . .     Faith    .   b - +0 chain mail
rPois    ∞         Spirit   .   (no helmet)
rElec    +         Reflect  +   (no cloak)
rCorr    .         Harm     .   (no gloves)
MR       .....                  (no boots)
Stlth    ..........             u - +3 amulet of reflection
HPRegen  0.17/turn              m - ring of flight
MPRegen  0.11/turn              s - +6 ring of dexterity

@: berserk cooldown, slowed, very slow
A: negative energy resistance 1, electricity resistance, unbreathing,
petrification resistance, rot immunity, AC +5
a: Berserk, Trog's Hand, Brothers in Arms, Renounce Religion, Evoke Flight


You were on level 5 of the Dungeon.
You worshipped Trog.
Trog was greatly pleased with you.
You were very hungry.

You visited 1 branch of the dungeon, and saw 5 of its levels.

You collected 130 gold pieces.

Inventory:

Hand Weapons
 a - a +0 battleaxe (weapon)
Armour
 b - a +0 chain mail (worn)
Jewellery
 m - a ring of flight (left hand)
 r - an uncursed ring of ice
 s - a +6 ring of dexterity (right hand)
 u - a +3 amulet of reflection (around neck)
Scrolls
 d - a scroll of noise {unknown}
 g - 3 scrolls of identify {unknown}
 h - 3 scrolls of teleportation {unknown}
 i - 5 scrolls of remove curse {unknown}
 o - a scroll of magic mapping {unknown}
 p - a scroll of fear {unknown}
 q - 2 scrolls of amnesia {unknown}
Potions
 e - 4 potions of heal wounds {unknown}
 f - a potion of mutation {unknown}
 j - 3 potions of haste {unknown}
 k - 2 potions of agility {unknown}
 l - a potion of flight {unknown}
 n - 4 potions of curing
Comestibles
 c - 8 rations
 t - 3 chunks of flesh


   Skills:
 * Level 6.6 Fighting
 * Level 5.5 Axes
 + Level 5.3 Armour
 + Level 4.0 Dodging


You had 7 spell levels left.
You didn't know any spells.
Your spell library was empty.

Dungeon Overview and Level Annotations

Branches:
Dungeon (5/15)
 Temple: D:4-7

Altars:
Elyvilon
Nemelex Xobeh

Annotations:
D:5 Pikel


Innate Abilities, Weirdness & Mutations

You are resistant to torment.
Your stone body is resilient. (AC +5)
You are immune to poison.
You resist negative energy. (rN+)
You are resistant to electric shocks. (rElec)
You can survive without breathing.
You are immune to petrification.
You are immune to rotting.


Message History

You closely miss Pikel.
Pikel is severely wounded.
You closely miss the adder. The adder bites you but does no damage.
Pikel hits you but does no damage. The adder closely misses you.
Pikel hits you but does no damage.
You barely miss Pikel.
Pikel is severely wounded.
You miss the adder. The adder bites you but does no damage.
Pikel hits you with a +1 whip of freezing.
* * * LOW HITPOINT WARNING * * *
Pikel freezes you.
* * * LOW HITPOINT WARNING * * *
The adder bites you but does no damage. Pikel hits you but does no damage.
The adder barely misses you.
You hit Pikel.
Pikel is severely wounded.
You miss the adder. The adder barely misses you. Pikel barely misses you.
The adder completely misses you.
Pikel hits you with a +1 whip of freezing.
You die...

#..[[[###......>...#
#))()[.....#.....>.#
#<[)..###..####.####
#.)...# #.## #.#
#(..(.###)# ..#
######....# .##
####(##.# ..
#.([.##.# ..
#@#####.#
#...SK...##.#
###..........
...$#####... #####
..


You could see Pikel and an adder.

Vanquished Creatures
  A sky beast (D:5)
  4 slaves (D:5)
  A phantom (D:4)
  An ogre (D:4)
  A centaur (D:5)
  A gnoll sergeant (D:5)
  5 orc priests
  A bullfrog skeleton (D:4)
  7 orc wizards
  A centaur skeleton (D:4)
  An iguana (D:4)
  Terence (D:2)
  2 worker ants (D:4)
  A hound skeleton (D:5)
  A worker ant zombie (D:5)
  6 gnolls
  9 adders
  2 oozes
  2 adder skeletons
  A worm (D:3)
  4 dart slugs
  3 leopard geckos
  26 orcs
  A ball python (D:5)
  3 giant cockroaches
  6 goblins
  8 hobgoblins
  6 jackals
  9 kobolds
  11 bats
  6 frilled lizards
  9 rats
141 creatures vanquished.

Notes
Turn   | Place    | Note
-------+----------+-------------------------------------------
     0 | D:1      | Fang the Gargoyle Berserker began the quest for the Orb.
     0 | D:1      | Reached XP level 1. HP: 14/14 MP: 1/1
    87 | D:1      | Reached XP level 2. HP: 6/19 MP: 2/2
   382 | D:1      | Reached XP level 3. HP: 17/23 MP: 3/3
   603 | D:1      | Reached ** piety under Trog
   961 | D:2      | Noticed Terence
   981 | D:2      | Killed Terence
   981 | D:2      | Reached XP level 4. HP: 18/29 MP: 4/4
  1151 | D:2      | Reached skill level 4 in Fighting
  1429 | D:2      | Reached XP level 5. HP: 15/33 MP: 5/5
  2023 | D:3      | Found a white marble altar of Elyvilon.
  2118 | D:3      | Reached *** piety under Trog
  2382 | D:3      | Found a sparkling altar of Nemelex Xobeh.
  2774 | D:4      | Reached XP level 6. HP: 39/39 MP: 6/6
  2843 | D:4      | Reached skill level 5 in Fighting
  2869 | D:3      | Reached **** piety under Trog
  3102 | D:4      | Reached XP level 7. HP: 44/44 MP: 7/7
  3401 | D:4      | Found a sparkling altar of Nemelex Xobeh.
  3985 | D:5      | Entered Level 5 of the Dungeon
  4032 | D:5      | Reached skill level 6 in Fighting
  4034 | D:5      | Reached skill level 5 in Armour
  4034 | D:5      | Reached XP level 8. HP: 19/51 MP: 8/8
  4059 | D:5      | Reached skill level 5 in Axes
  4808 | D:5      | Noticed Pikel
  4841 | D:5      | Slain by Pikel

Skill      XL: |  1  2  3  4  5  6  7  8 |
---------------+-------------------------+-----
Axes           | 3 4 5 |  5.5
Dodging        | 2 3 4 |  4.0
Armour         | 3 4 5 |  5.3
Fighting       | 4 5 6 |  6.6

Action                   |  1- 3 |  4- 6 |  7- 9 || total
-------------------------+-------+-------+-------++-------
Melee: Hand axe          |    99 |    85 |       ||   184
       Battleaxe         |       |    73 |   221 ||   294
Invok: Berserk           |     3 |     3 |     4 ||    10
 Stab: Sleeping          |       |     1 |       ||     1
  Eat: Chunk             |     3 |     9 |     9 ||    21
Armor: Animal skin       |    39 |    65 |       ||   104
       Chain mail        |       |     1 |   212 ||   213
Dodge: Dodged            |    72 |   145 |   120 ||   337
Block: Other             |       |       |    17 ||    17
